 Dungeon Crawl Stone Soup version 0.29.0-4-gdea44cf6ec (webtiles) character file.

Game seed: 9104873555732692354

27 qw the Caller (level 3, -2/28 HPs)
             Began as a Ghoul Summoner on Sept 9, 2022.
             Slain by a jackal (3 damage)
             ... on level 1 of the Dungeon.
             The game lasted 00:00:38 (1929 turns).

qw the Caller (Ghoul Summoner)                      Turns: 1929, Time: 00:00:38

Health: -2/28      AC:  2    Str: 13    XL:     3   Next: 10%
Magic:  0/4        EV: 12    Int: 10    God:
Gold:   62         SH:  0    Dex:  9    Spells: 4/5 levels left

rFire   . . .      SeeInvis .   d - +0 whip
rCold   + . .      Faith    .   (no shield)
rNeg    + + +      Spirit   .   a - +0 robe
rPois   inf        Reflect  .   (no helmet)
rElec   .          Harm     .   (no cloak)
rCorr   .          Rampage  .   (no gloves)
Will    .....                   (no boots)
Stlth   ++........              (no amulet)
HPRegen 0.00/turn               (no ring)
MPRegen 0.09/turn               (no ring)

@: inhibited regen
A: claws 1, cold resistance 1, negative energy resistance 3, inhibited
regeneration, torment resistance 2, devour on kill
a: no special abilities


You were on level 1 of the Dungeon.
You visited 1 branch of the dungeon, and saw 1 of its levels.

You collected 62 gold pieces.


Innate Abilities, Weirdness & Mutations

You are immune to poison.
You have sharp fingernails.
Your flesh is cold resistant. (rC+)
You are immune to negative energy. (rN+++)
You do not regenerate when monsters are visible.
You are immune to unholy pain and torment.
You thrive by killing the living.


   Skills:
 + Level 1.2 Fighting
 - Level 2.0 Axes
 - Level 1.7 Dodging
 - Level 2.1 Stealth
 - Level 1.7 Spellcasting
 - Level 3.6 Summonings


You had 4 spell levels left.
You knew the following spells:

 Your Spells              Type           Power      Damage    Failure   Level
a - Summon Small Mammal   Summ           32%        N/A       8%          1

Your spell library contained the following spells:

 Spells                   Type           Power      Damage    Failure   Level
 Call Imp                 Summ           8%         N/A       11%         2
 Call Canine Familiar     Summ           8%         N/A       22%         3
 Summon Guardian Golem    Hex/Summ       4%         N/A       43%         3
 Summon Lightning Spire   Summ/Air       4%         N/A       83%         4

Inventory:

Hand Weapons
 d - a +0 whip (weapon)
Missiles
 l - 6 boomerangs (quivered)
Armour
 a - a +0 robe (worn)
 f - a +0 plate armour
Scrolls
 c - 3 scrolls of identify {unknown}
 h - a scroll of magic mapping {unknown}
 k - a scroll of teleportation {unknown}
Potions
 b - a potion of magic
 e - a potion of ambrosia {unknown}
 g - a potion of invisibility {unknown}
 i - a potion of brilliance {unknown}
 j - a potion of haste {unknown}

Dungeon Overview and Level Annotations

Branches:
Dungeon (1/15)

Altars:


Message History

You hit the jackal.
The jackal is almost dead.
The jackal bites you but does no damage.
The jackal misses you.
The jackal bites you but does no damage.
You miss the jackal.
The jackal is almost dead.
The jackal closely misses you. The jackal misses you.
The jackal closely misses you.
You hit the jackal.
You kill the jackal!
You completely miss the jackal. The jackal completely misses you.
The jackal closely misses you. The jackal barely misses you.
You barely miss the jackal. The jackal closely misses you.
The jackal bites you but does no damage. x2
You hit the jackal.
The jackal is moderately wounded.
The jackal barely misses you. The jackal closely misses you. x2
You closely miss the jackal.
The jackal is moderately wounded.
The jackal bites you.
The jackal bites you but does no damage.
The jackal misses you.
You hit the jackal.
The jackal is severely wounded.
The jackal bites you. The jackal misses you. The jackal closely misses you.
1927 ||| CASTING Summon Small Mammal
Casting: Summon Small Mammal (safe; 8% risk of failure)
Confirm with . or Enter, or press ? or * to list all spells.
Your rat disappears in a puff of smoke!
The jackal bites you. The jackal misses you. The jackal closely misses you.
You closely miss the jackal.
The jackal is severely wounded.
The jackal closely misses you. x2; Your rat misses the jackal.
You hit the jackal but do no damage.
The jackal is severely wounded.
The jackal bites you.
You die...

#########
#hhr..... #@# #r#
#.# #.# #.#
########### #.#
#.......... #.#
#)########. #.#
#.# #.
#########.######.#
#.


You could see 2 jackals and 2 friendly rats.

Vanquished Creatures
  A ball python (D:1)
  An endoplasm (D:1)
  3 goblins (D:1)
  2 hobgoblins (D:1)
  6 jackals (D:1)
  A quokka (D:1)
  A frilled lizard (D:1)
  3 kobolds (D:1)
18 creatures vanquished.

Vanquished Creatures (collateral kills)
  A dart slug (D:1)
  A bat (D:1)
  A frilled lizard (D:1)
3 creatures vanquished.

Grand Total: 21 creatures vanquished

Notes
Turn   | Place    | Note
-------+----------+-------------------------------------------
     0 | D:1      | qw the Ghoul Summoner began the quest for the Orb.
     0 | D:1      | Reached XP level 1. HP: 14/14 MP: 2/2
     0 | D:1      | 0 ||| qw: Version: 0.1-a-113-g051387a
     0 | D:1      | 0 ||| qw: Game counter: 7295
     0 | D:1      | 0 ||| qw: Always use a shield: true
     0 | D:1      | 0 ||| qw: God list: Okawaru
     0 | D:1      | 0 ||| qw: Allow faded altars: false
     0 | D:1      | 0 ||| qw: Do Orc after D:15 true
     0 | D:1      | 0 ||| qw: Do second Lair branch before Depths: true
     0 | D:1      | 0 ||| qw: Lair rune preference: random
     0 | D:1      | 0 ||| qw: Plans: Normal
     0 | D:1      | 0 ||| PLANNING D:1-11
    14 | D:1      | 14 ||| CASTING Summon Small Mammal
    15 | D:1      | 15 ||| CASTING Summon Small Mammal
    27 | D:1      | 27 ||| CASTING Summon Small Mammal
   249 | D:1      | 249 ||| CASTING Summon Small Mammal
   250 | D:1      | 250 ||| CASTING Summon Small Mammal
   261 | D:1      | 261 ||| CASTING Summon Small Mammal
   312 | D:1      | 312 ||| CASTING Summon Small Mammal
   313 | D:1      | 313 ||| CASTING Summon Small Mammal
   320 | D:1      | 320 ||| Stepping ~*~*~tactically~*~*~ (outnumbered).
   325 | D:1      | 325 ||| CASTING Summon Small Mammal
   337 | D:1      | 337 ||| CASTING Summon Small Mammal
   346 | D:1      | HP: 3/14 [kobold/+0 dagger (1)]
   349 | D:1      | Reached skill level 1 in Axes
   600 | D:1      | 600 ||| Wielding weapon +0 dagger.
   601 | D:1      | 601 ||| SWAPPING to +0 whip.
   602 | D:1      | 602 ||| DROPPING +0 dagger.
   626 | D:1      | 626 ||| CASTING Summon Small Mammal
   627 | D:1      | 627 ||| CASTING Summon Small Mammal
   916 | D:1      | 916 ||| CASTING Summon Small Mammal
   917 | D:1      | 917 ||| CASTING Summon Small Mammal
   927 | D:1      | Reached XP level 2. HP: 22/22 MP: 0/3
   958 | D:1      | 958 ||| CASTING Summon Small Mammal
   959 | D:1      | 959 ||| CASTING Summon Small Mammal
   960 | D:1      | 960 ||| CASTING Summon Small Mammal
   964 | D:1      | Reached skill level 1 in Fighting
  1061 | D:1      | 1061 ||| CASTING Summon Small Mammal
  1062 | D:1      | 1062 ||| CASTING Summon Small Mammal
  1063 | D:1      | 1063 ||| CASTING Summon Small Mammal
  1073 | D:1      | 1073 ||| CASTING Summon Small Mammal
  1173 | D:1      | 1173 ||| CASTING Summon Small Mammal
  1174 | D:1      | 1174 ||| CASTING Summon Small Mammal
  1175 | D:1      | 1175 ||| CASTING Summon Small Mammal
  1213 | D:1      | 1213 ||| CASTING Summon Small Mammal
  1214 | D:1      | 1214 ||| CASTING Summon Small Mammal
  1215 | D:1      | 1215 ||| CASTING Summon Small Mammal
  1225 | D:1      | 1225 ||| CASTING Summon Small Mammal
  1237 | D:1      | 1237 ||| CASTING Summon Small Mammal
  1426 | D:1      | 1426 ||| CASTING Summon Small Mammal
  1427 | D:1      | 1427 ||| CASTING Summon Small Mammal
  1428 | D:1      | 1428 ||| CASTING Summon Small Mammal
  1494 | D:1      | 1494 ||| Stepping ~*~*~tactically~*~*~ (hiding).
  1495 | D:1      | 1495 ||| Stepping ~*~*~tactically~*~*~ (hiding).
  1498 | D:1      | 1498 ||| CASTING Summon Small Mammal
  1499 | D:1      | 1499 ||| CASTING Summon Small Mammal
  1500 | D:1      | 1500 ||| CASTING Summon Small Mammal
  1545 | D:1      | 1545 ||| CASTING Summon Small Mammal
  1546 | D:1      | 1546 ||| CASTING Summon Small Mammal
  1547 | D:1      | 1547 ||| CASTING Summon Small Mammal
  1558 | D:1      | 1558 ||| CASTING Summon Small Mammal
  1693 | D:1      | 1693 ||| CASTING Summon Small Mammal
  1694 | D:1      | 1694 ||| CASTING Summon Small Mammal
  1695 | D:1      | 1695 ||| CASTING Summon Small Mammal
  1894 | D:1      | 1894 ||| CASTING Summon Small Mammal
  1895 | D:1      | 1895 ||| CASTING Summon Small Mammal
  1896 | D:1      | 1896 ||| CASTING Summon Small Mammal
  1902 | D:1      | Reached XP level 3. HP: 25/28 MP: 0/4
  1906 | D:1      | 1906 ||| CASTING Summon Small Mammal
  1917 | D:1      | 1917 ||| CASTING Summon Small Mammal
  1917 | D:1      | HP: 7/28 [jackal (3)]
  1925 | D:1      | HP: 4/28 [jackal (2)]
  1927 | D:1      | 1927 ||| CASTING Summon Small Mammal
  1927 | D:1      | HP: 1/28 [jackal (1)]
  1929 | D:1      | Slain by a jackal

Levels and vault maps discovered:
D:1:      tarquinn_simple_flora_water_b, layout_loops_ring, minmay_statues_item

Skill      XL: |  1  2 |
---------------+-------+-----
Axes           | 1 2 |  2.0
Fighting       | 1 |  1.2
Dodging        | |  1.7
Stealth        | |  2.1
Spellcasting   | |  1.7
Summonings     | |  3.6

Action                   || total
-------------------------++-------
Melee: Unarmed           ||    43
       Whip              ||    78
       Punch             ||     1
 Cast: Summon Small Mamm ||    43
Armor: Robe              ||    25
Dodge: Dodged            ||    89

Table legend:
 A = Non-vault XP
 B = Vault XP
 C = Vault XP percentage of total XP
 D = Non-vault monster count
 E = Vault monster count
 F = Vault count percentage of total count
                 A         B        C        D         E       F
            +---------+---------+-------+---------+---------+-------
      Total |      39 |       0 |   0.0 |      21 |       0 |   0.0
            +---------+---------+-------+---------+---------+-------
        D:1 |      39 |       0 |   0.0 |      21 |       0 |   0.0
            +---------+---------+-------+---------+---------+-------
